 Dungeon Crawl Stone Soup version 0.29.1-15-g9cfb28693d (webtiles) character file.

Game seed: 6939046623005236165

8085 dobroeutro the Cleaver (level 11, -2/60 HPs)
             Began as a Gargoyle Fighter on Apr 21, 2023.
             Was a Believer of Okawaru.
             Slain by a two-headed ogre
             ... wielding a +0 giant spiked club
              (13 damage)
             ... on level 11 of the Dungeon.
             The game lasted 00:16:16 (10593 turns).

dobroeutro the Cleaver (Gargoyle Fighter)          Turns: 10593, Time: 00:16:17

Health: -2/60      AC: 17    Str: 22    XL:     11   Next: 25%
Magic:  1/3        EV:  8    Int:  9    God:    Okawaru [**....]
Gold:   624        SH:  8    Dex: 11    Spells: 10/10 levels left

rFire   + . .      SeeInvis .   e - +2 war axe (antimagic)
rCold   . . .      Faith    .   l - +0 kite shield
rNeg    + . .      Spirit   .   b - +0 scale mail
rPois   ∞          Reflect  .   y - +0 helmet
rElec   +          Harm     .   I - +0 cloak
rCorr   +          Rampage  .   (no gloves)
Will    .....                   (no boots)
Stlth   +.........              B - amulet of regeneration
HPRegen 1.00/turn               d - +4 ring of slaying
MPRegen 0.08/turn               C - ring of Saruorov {rF+ rCorr}

@: no status effects
A: sickness immunity, AC +8, negative energy resistance 1, electricity
resistance, torment resistance 1, petrification resistance
a: Renounce Religion, Heroism


You were on level 11 of the Dungeon.
You worshipped Okawaru.
Okawaru was pleased with you.
You visited 2 branches of the dungeon, and saw 12 of its levels.
You also visited: Ossuary.

You collected 624 gold pieces.

Inventory:

Hand Weapons
 a - a +0 flail
 e - a +2 antimagic war axe (weapon)
Armour
 b - a +0 scale mail (worn)
 c - a +0 buckler
 l - a +0 kite shield (worn)
 t - a +3 leather armour of fire resistance
 y - a +0 helmet (worn)
 I - a +0 cloak (worn)
Jewellery
 d - a +4 ring of slaying (left hand)
 B - an amulet of regeneration (around neck)
 C - the ring of Saruorov (right hand) {rF+ rCorr}
   (You found it on level 5 of the Dungeon)

   [ring of protection from fire]

   rF:        It protects you from fire.
   rCorr:     It protects you from acid and corrosion.
 L - a ring of see invisible
 M - a +4 ring of evasion
Wands
 k - a wand of roots (11)
 s - a wand of paralysis (4)
 u - a wand of flame (43)
 J - a wand of acid (1)
 N - a wand of mindburst (7)
Scrolls
 f - 4 scrolls of fear {unknown}
 g - 10 scrolls of identify
 h - 4 scrolls of poison {unknown}
 i - a scroll of butterflies {unknown}
 n - 2 scrolls of vulnerability {unknown}
 o - 5 scrolls of enchant armour {unknown}
 p - 7 scrolls of teleportation {unknown}
 q - 4 scrolls of immolation {unknown}
 r - 4 scrolls of blinking {unknown}
 v - a scroll of silence {unknown}
 F - 2 scrolls of noise {unknown}
 G - a scroll of summoning {unknown}
 H - a scroll of torment {unknown}
 K - a scroll of acquirement {unknown}
 P - a scroll of amnesia {unknown}
Potions
 j - 2 potions of lignification
 m - 3 potions of heal wounds
 w - 2 potions of haste {unknown}
 x - a potion of mutation {unknown}
 z - 2 potions of brilliance {unknown}
 A - 4 potions of curing
 D - a potion of ambrosia {unknown}
 E - 4 potions of invisibility
 O - a potion of degeneration {unknown}
 Q - a potion of attraction {unknown}
 R - a potion of magic {unknown}


   Skills:
 - Level 3.3 Fighting
 + Level 14.9 Axes
 - Level 2.1(10.7) Maces & Flails
 - Level 3.3 Armour
 + Level 3.9 Stealth
 - Level 3.3 Shields
 + Level 2.1 Evocations


You had 10 spell levels left.
You didn't know any spells.
Your spell library contained the following spells:

 Spells                   Type           Power      Damage    Failure   Level
 Gell's Gravitas          Tloc           0%         N/A       100%        3
 Teleport Other           Tloc           0%         N/A       100%        3
 Fireball                 Conj/Fire      0%         3d3       100%        5
 Iskenderun's Battlesphe  Conj           0%         2d6       100%        5
 Conjure Ball Lightning   Conj/Air       0%         3x3d6     100%        6
 Dispersal                Tloc           0%         N/A       100%        6
 Orb of Destruction       Conj           0%         9d5       100%        7


Dungeon Overview and Level Annotations

Branches:
Dungeon (11/15)            Temple (1/1) D:7            Lair (0/5) D:10
Ossuary (visited)
    Orc: D:9-12

Altars:
Ashenzari
Cheibriados
Dithmenos
Elyvilon
Fedhas
Gozag
Hepliaklqana
Kikubaaqudgha
Makhleb
Nemelex Xobeh
Okawaru
Qazlal
Ru
Sif Muna
Trog
Uskayaw
Vehumet
Wu Jian
Xom
Yredelemnul
Zin
The Shining One

Shops:
D:8 =(=(

Annotations:
D:4 2 transporters, Discosetron's ghost, amateur DjAE
D:9 1 transporter


Innate Abilities, Weirdness & Mutations

You are immune to sickness and miasma.
Your stone body is resilient. (AC +8)
You are immune to poison.
You resist negative energy. (rN+)
You are resistant to electric shocks. (rElec)
You are resistant to unholy torment.
You are immune to petrification.


Message History

No target in view!
No target in view!
Things that are here:
a +0 dagger; a +0 leather armour You gain the combat prowess of a mighty hero.
You hit the two-headed ogre.
The two-headed ogre is lightly wounded.
You hit the two-headed ogre but do no damage.
The two-headed ogre is lightly wounded.
You block the two-headed ogre's attack. x2
You slash the two-headed ogre!
The two-headed ogre is moderately wounded.
The two-headed ogre hits you with a +0 giant spiked club!!
Ouch! That really hurt!
The two-headed ogre hits you with a +0 giant club.
You are too injured to fight recklessly!
You are too injured to fight recklessly!
You are too injured to fight recklessly!
Unknown command.
You are too injured to fight recklessly!
You are too injured to fight recklessly!
You barely miss the two-headed ogre.
The two-headed ogre is moderately wounded.
You slash the two-headed ogre!
The two-headed ogre is heavily wounded.
You block the two-headed ogre's attack. The two-headed ogre barely misses you.
You completely miss the two-headed ogre.
The two-headed ogre is heavily wounded.
You slice the two-headed ogre!!
The two-headed ogre is almost dead.
You block the two-headed ogre's attack.
The two-headed ogre hits you with a +0 giant club!
* * * LOW HITPOINT WARNING * * *
You completely miss the two-headed ogre.
The two-headed ogre is almost dead.
You barely miss the two-headed ogre.
The two-headed ogre is almost dead.
You feel like a meek peon again.
The two-headed ogre hits you with a +0 giant spiked club!
You die...

..........
#.......# #≈
#.......#
#~.#..)....####.
#~.o.O†.........
#S....).........
#~..###)........
#~.>###O.#.....
##########~...##@.#
)...
≈~~~~~~~~~~.#.##.##
###
................>#
####....###....###
####........#
#####....# #....#
######


You could see a two-headed ogre.

Vanquished Creatures
  Joseph (D:7)
  2 trolls (D:10)
  5 slime creatures (D:10)
  A shadow (D:10)
  A wraith (D:10)
  3 yaks (D:9)
  A wyvern (D:7)
  2 vampire mosquitoes (D:11)
  Menkaure (D:4)
  An acid dragon (D:8)
  2 water moccasins
  Duvessa (D:4)
  5 orc warriors
  7 sky beasts
  2 ice beasts
  An ogre (D:6)
  A black bear (D:4)
  4 centaurs
  2 phantoms
  A kobold brigand (D:7)
  5 bullfrogs
  2 necrophages
  Blork the orc (D:6)
  6 scorpions
  11 wights
  Dowan (D:4)
  7 killer bees
  4 howler monkeys
  4 hounds
  A gnoll bouda (D:4)
  4 orc priests
  4 orc wizards
  Ijyb (D:5)
  2 iguanas (D:5)
  2 mummies
  4 gnolls (D:4)
  8 adders
  2 white imps (D:6)
  3 worms
  4 dart slugs
  38 orcs
  2 spectral bats (Ossuary)
  9 bats
  8 endoplasms
  4 giant cockroaches
  9 goblins
  12 hobgoblins
  8 jackals
  2 quokkas (D:3)
  13 ball pythons
  3 bat simulacra (Ossuary)
  4 frilled lizards
  12 gnoll zombies (Ossuary)
  3 goblin simulacra (Ossuary)
  8 goblin zombies (Ossuary)
  5 hobgoblin zombies (Ossuary)
  13 kobolds
  3 kobold simulacra (Ossuary)
  2 kobold zombies (Ossuary)
  3 orc zombies (Ossuary)
  A quokka zombie (D:5)
  5 rats
  4 rat simulacra (Ossuary)
  A rat zombie (D:5)
  3 spectral goblins (Ossuary)
  5 spectral kobolds (Ossuary)
  2 spectral rats (Ossuary)
302 creatures vanquished.

Vanquished Creatures (others)
  6 fungi (D:10)
  18 plants
24 creatures vanquished.

Grand Total: 326 creatures vanquished

Notes
Turn   | Place    | Note
-------+----------+-------------------------------------------
     0 | D:1      | dobroeutro the Gargoyle Fighter began the quest for the
                  | Orb.
     0 | D:1      | Reached XP level 1. HP: 14/14 MP: 1/1
   192 | D:1      | Reached skill level 1 in Axes
   192 | D:1      | Reached XP level 2. HP: 19/19 MP: 0/2
   589 | D:1      | Reached XP level 3. HP: 22/23 MP: 1/3
   611 | D:1      | Reached skill level 2 in Axes
   699 | D:1      | Found a faded altar of an unknown god.
  1222 | D:2      | Reached skill level 3 in Axes
  1222 | D:2      | Reached XP level 4. HP: 26/28 MP: 1/4
  1617 | D:2      | Reached skill level 1 in Stealth
  2019 | D:3      | Found a sacrificial altar of Ru.
  2186 | D:3      | Reached XP level 5. HP: 26/32 MP: 1/5
  2394 | D:3      | Reached skill level 4 in Axes
  3129 | D:4      | Noticed Menkaure
  3154 | D:4      | Killed Menkaure
  3155 | D:4      | Reached skill level 5 in Axes
  3155 | D:4      | Reached XP level 6. HP: 13/37 MP: 2/6
  3374 | D:4      | Found a white marble altar of Elyvilon.
  3525 | D:4      | Noticed Discosetron's ghost (amateur DjAE)
  3526 | D:4      | Found a transporter.
  3531 | D:4      | Found a transporter.
  3708 | D:4      | Reached skill level 6 in Axes
  3715 | D:4      | Reached XP level 7. HP: 13/41 MP: 2/7
  4419 | D:4      | Noticed Dowan
  4420 | D:4      | Noticed Duvessa
  4424 | D:4      | Killed Dowan
  4445 | D:4      | HP: 2/61 [Duvessa/+5 short sword of venom (13)]
  4451 | D:4      | Reached skill level 7 in Axes
  4451 | D:4      | Killed Duvessa
  4776 | D:5      | Entered Level 5 of the Dungeon
  4777 | D:5      | Noticed Ijyb
  4782 | D:5      | Found a sand-covered staircase.
  4791 | D:5      | Paralysed by Ijyb for 2 turns
  4797 | D:5      | Paralysed by Ijyb for 4 turns
  4801 | D:5      | Killed Ijyb
  4812 | Ossuary  | Entered an ossuary
  4999 | Ossuary  | Reached XP level 8. HP: 28/46 MP: 2/8
  5573 | D:5      | Reached skill level 8 in Axes
  5596 | D:5      | Identified the ring of Saruorov {rF+ rCorr}
  5748 | D:5      | Identified the +5 dagger of Zoputam {vorpal, Drain rElec
                  | rCorr SInv}
  5822 | D:5      | Found a bloodstained altar of Trog.
  6109 | D:6      | Reached skill level 9 in Axes
  6290 | D:6      | Noticed Blork the orc
  6294 | D:6      | Killed Blork the orc
  6295 | D:6      | Reached skill level 10 in Axes
  6295 | D:6      | Reached XP level 9. HP: 50/51 MP: 3/9
  6401 | D:6      | Found a stormy altar of Qazlal.
  6408 | D:6      | Reached skill level 11 in Axes
  6971 | D:7      | Noticed Joseph
  7010 | D:7      | Killed Joseph
  7011 | D:7      | Reached skill level 12 in Axes
  7097 | D:7      | Found a shimmering blue altar of Sif Muna.
  7157 | D:7      | Reached XP level 10. HP: 32/56 MP: 3/10
  7348 | D:7      | Found a staircase to the Ecumenical Temple.
  7357 | Temple   | Entered the Ecumenical Temple
  8091 | D:8      | Found a shadowy altar of Dithmenos.
  8238 | D:8      | Found Fyproxt's Antique Weapon Emporium.
  8297 | D:8      | Reached skill level 13 in Axes
  8326 | D:8      | Found Cuteim's Jewellery Boutique.
  8366 | D:8      | Found Isariol's Jewellery Shoppe.
  8370 | D:8      | Found Istraur's Weapon Boutique.
  8697 | D:9      | Found an ancient bone altar of Kikubaaqudgha.
  8785 | D:9      | Reached skill level 1 in Evocations
  9068 | D:9      | Found a sparkling altar of Nemelex Xobeh.
  9068 | D:9      | Found a transporter.
  9068 | D:9      | Noticed an ogre mage
  9069 | D:9      | Noticed a centaur warrior
  9317 | D:9      | Found an iron altar of Okawaru.
  9329 | D:9      | Became a worshipper of Warmaster Okawaru
  9434 | D:10     | Entered Level 10 of the Dungeon
  9672 | D:10     | Reached * piety under Okawaru
  9673 | D:10     | Reached skill level 14 in Axes
  9737 | D:10     | Found a staircase to the Lair.
  9787 | D:10     | Reached XP level 11. HP: 26/60 MP: 3/11
  9934 | D:10     | Reached ** piety under Okawaru
 10181 | D:10     | Found a snail-covered altar of Cheibriados.
 10578 | D:11     | Noticed a two-headed ogre
 10593 | D:11     | Slain by a two-headed ogre

Illustrated notes

Levels and vault maps discovered:
D:1:      shiori_arrival_maze, layout_basic,
          hellmonk_ecumenical_altar_heavens_door, kennysheep_pointless_box,
          kennysheep_minor_cross
D:2:      layout_loops_cross
D:3:      layout_loops_ring, mainiacjoe_overflow_six_doors_small
D:4:      minmay_chambers_of_fours, layout_rooms, elyvilon_altar_5,
          gammafunk_ghost_mausoleum, hex_intersection, uniq_duvessa,
          uniq_menkaure
D:5:      minmay_skewed_foursquare, layout_rooms, lemuel_coloured_pillars_altar,
          enter_ossuary_4, uniq_ijyb
D:6:      layout_loops_ring, mainiacjoe_overflow_cross_hatched,
          uniq_blork_the_orc
D:7:      layout_basic, mainiacjoe_overflow_small_starburst,
          minmay_temple_entry_fiery, serial_bayou_lagoon_a,
          kennysheep_generic_room_15, uniq_joseph
D:8:      layout_loops_ring, mainiacjoe_overflow_24_doors, serial_shops,
          kennysheep_mini, nicolae_inconvenience_store, shop,
          nicolae_shop_crystal
D:9:      layout_irregular_city, kennysheep_okawaru_gauntlet,
          mainiacjoe_overflow_alcove_2, grunt_nemelex_the_gamble
D:10:     layout_stronghold, slow_altar_1, grunt_lair_entry_orc_guard_hut,
          serial_co_window_serial, co_window_paths_a, co_window_paths_b,
          co_window_of_opportunity_a, co_window_corner_a, co_window_paths_a,
          co_window_paths_b, co_window_paths_c, co_window_broadway_b,
          co_window_2corner, co_window_broadway_a, co_window_4corner_b,
          glass_columns_a, glass_columns_a, glass_columns_c, glass_columns_a,
          glass_columns_a
D:11:     layout_basic, nooodl_orcs_dogs
Temple:   chequers_temple_sunken

Skill      XL: |  1  2  3  4  5  6  7  8  9 10 |
---------------+-------------------------------+-----
Axes           | 1 3 5 6 7 10 12 14 | 14.9
Stealth        | 1 2 3 |  3.9
Evocations     | 2 |  2.1
Fighting       | |  3.3
Maces & Flails | |  2.1
Armour         | |  3.3
Shields        | |  3.3

Action                   |  1- 3 |  4- 6 |  7- 9 | 10-12 || total
-------------------------+-------+-------+-------+-------++-------
Melee: War axe           |   107 |   151 |   387 |   266 ||   911
       Flail             |     1 |       |       |       ||     1
Invok: Heroism           |       |       |       |     1 ||     1
Evoke: Wand              |       |       |       |     1 ||     1
  Use: Scroll            |       |     1 |       |       ||     1
       Potion            |       |       |     8 |     1 ||     9
 Stab: Paralysed         |       |       |       |     2 ||     2
Armor: Scale mail        |    57 |    71 |   172 |   144 ||   444
       Skin              |       |       |    11 |    12 ||    23
Dodge: Dodged            |    58 |    47 |   113 |   118 ||   336
Block: Buckler           |    22 |     1 |       |       ||    23
       Kite shield       |       |    55 |   151 |   123 ||   329
